 Dungeon Crawl Stone Soup version 0.30.1-11-g7821555f0a (webtiles) character file.

Game seed: 450283017450816097

11843 Ketil the Cleaver (level 11, -4/94 HPs)
             Began as a Minotaur Fighter on Oct 27, 2023.
             Was a High Priest of Qazlal.
             Slain by a skyshark (19 damage)
             ... on level 2 of the Lair of Beasts.
             The game lasted 00:34:18 (8773 turns).

Ketil the Cleaver (Minotaur Fighter)                Turns: 8773, Time: 00:34:19

Health: -4/94      AC: 14    Str: 19    XL:     11   Next: 54%
Magic:  22/22      EV: 10    Int:  6    God:    Qazlal [*****.]
Gold:   120        SH:  7    Dex: 15    Spells: 14/14 levels left

rFire   . . .        H - +2 battleaxe (heavy)
rCold   + . .        (shield currently unavailable)
rNeg    . . .        L - +0 chain mail {rC+}
rPois   .            (helmet restricted)
rElec   .            (no cloak)
rCorr   .            (no gloves)
SInv    .            (no boots)
Will    .....        j - amulet of regeneration Stlth
                     K - ring of wizardry
HPRegen 1.15/turn    x - ring of magical power
MPRegen 0.18/turn

%: repel missiles, wizardry (x1)
@: mighty, brilliant, protected from physical damage, flying, invisible
A: horns 2, retaliatory headbutt, agile 1, dopey 1
a: Renounce Religion, Upheaval, Elemental Force, Disaster Area


You were on level 2 of the Lair of Beasts.
You worshipped Qazlal.
Qazlal was extremely pleased with you.
You visited 2 branches of the dungeon, and saw 11 of its levels.
You also visited: Sewer.

You collected 530 gold pieces.
You spent 410 gold pieces at shops.

Inventory:

Hand Weapons
 A - a +2 war axe of freezing
 H - a +2 heavy battleaxe (weapon)
Missiles
 f - 5 atropa-tipped darts (quivered)
 C - a javelin
Armour
 b - a +1 scale mail
 c - a +1 buckler
 L - a +0 chain mail of cold resistance (worn)
Jewellery
 g - an amulet of the acrobat
 j - an amulet of regeneration (around neck)
 k - a ring of willpower
 x - a ring of magical power (right hand)
 K - a ring of wizardry (left hand)
Wands
 a - a wand of digging (3)
 n - a wand of flame (54)
 y - a wand of roots (7)
 J - a wand of polymorph (5)
Scrolls
 e - 6 scrolls of fog
 h - a scroll of noise
 i - 5 scrolls of teleportation
 l - 2 scrolls of poison
 m - 3 scrolls of amnesia
 p - 2 scrolls of immolation
 r - 4 scrolls of magic mapping
 B - a scroll of fear
 E - a scroll of torment
 I - 2 scrolls of vulnerability
 M - a scroll of summoning {unknown}
Potions
 o - 4 potions of brilliance
 q - 3 potions of haste
 s - 4 potions of mutation
 t - a potion of magic
 u - a potion of invisibility
 v - 2 potions of cancellation
 w - 2 potions of resistance
 z - a potion of flight
 D - a potion of heal wounds {unknown}
 F - a potion of lignification {unknown}
 G - 5 potions of curing
 N - a potion of attraction {unknown}


   Skills:
 * Level 7.9 Fighting
 * Level 11.1 Axes
 * Level 5.1 Throwing
 * Level 9.0 Armour
 * Level 5.3 Dodging
 * Level 4.6 Stealth
 * Level 8.2 Shields
 * Level 2.4 Spellcasting
 * Level 4.7 Invocations
 * Level 4.1 Evocations


You had 14 spell levels left.
You didn't know any spells.
Your spell library contained the following spells:

 Spells                   Type           Power      Damage    Failure   Level
 Freeze                   Ice            4%         1d3       65%         1
 Ensorcelled Hibernation  Hex/Ice        2%         N/A       80%         2
 Frozen Ramparts          Ice            2%         1d1       95%         3
 Hailstorm                Conj/Ice       1%         3d3       95%         3
 Ozocubu's Armour         Ice            1%         N/A       95%         3
 Spider Form              Tmut/Pois      1%         N/A       95%         3
 Anguish                  Hex/Necr       0%         N/A       100%        4
 Ozocubu's Refrigeration  Ice            0%         4d7       100%        7


Dungeon Overview and Level Annotations

Branches:
Dungeon (9/15)             Temple (0/1) D:4            Lair (2/5) D:9
  Sewer (visited)
  Swamp: Lair:2-3    Shoals: Lair:2-3     Snake: Lair:2-3    Spider: Lair:2-3
    Orc: D:9-12

Altars:
Qazlal
Sif Muna

Shops:
D:2 ?   D:4 (   D:7 ::   D:9 (


Innate Abilities, Weirdness & Mutations

You have a pair of horns on your head.
You reflexively headbutt those who attack you in melee.
You are agile. (Dex +4, Str/Int -1)
You are dopey. (Int -2)


Message History

* * * LOW HITPOINT WARNING * * *
The skyshark misses you. The skyshark tail-slaps you.
* * * LOW HITPOINT WARNING * * *
You feel more protected from physical attacks.
The skyshark barely misses you. You furiously retaliate!
You headbutt the skyshark. You block the skyshark's attack.
The skyshark misses you.
It was a potion of brilliance.
You feel clever all of a sudden.
You hear an angry hiss.
The skyshark bites you.
* * * LOW HITPOINT WARNING * * *
The skyshark tail-slaps you.
* * * LOW HITPOINT WARNING * * *
You feel more protected from physical attacks.
The skyshark completely misses you.
You feel very mighty all of a sudden. The skyshark closely misses you.
You furiously retaliate!
You headbutt the skyshark.
The skyshark tail-slaps you but does no damage. x2
The skyshark bites you but does no damage.
The skyshark closely misses you. The skyshark barely misses you.
Okay, then.
It was a potion of magic.
Magic courses through your body.
The skyshark is engulfed in freezing vapours.
The skyshark seems to slow down.
The skyshark barely misses you. The skyshark closely misses you.
You block the skyshark's attack.
It was a potion of invisibility.
You fade into invisibility!
The skyshark is engulfed in freezing vapours.
The skyshark seems to slow down.
The skyshark bites you.
* * * LOW HITPOINT WARNING * * *
You block the skyshark's attack.
The skyshark tail-slaps you but does no damage.
It was a potion of flight.
You feel very buoyant.
You fly up into the air.
The skyshark is engulfed in freezing vapours.
The skyshark bites you!!
You die...

####. . ......# ###.
....... ...
.......##...
......P..#.#
......P..+.# .
......#.○#.## ..
#..°l@..# ...
#..§.#..# ... ######
#.#.##.##
...##.##.#.#..†....#
......<†..........##
........###.P.#...#
.......## #####...#
........# #....##
.......## #.....#


You could see a skyshark (berserk, unable to see you, slow).

Vanquished Creatures
  2 hydras
  The ghost of safid the Frost Mage, a novice MfIE of Vehumet (D:7)
  Amaemon (Lair:1)
  Pikel (D:5)
  A black mamba (Lair:2)
  2 cane toads (Lair:1)
  An orange demon (Lair:1)
  4 komodo dragons
  2 trolls (D:9)
  Sigmund (D:4)
  A wyvern (D:7)
  12 yaks
  A basilisk (Lair:1)
  A steam dragon (D:9)
  3 water moccasins
  3 orc warriors
  3 ice beasts
  2 sky beasts
  3 black bears (D:6)
  5 wolves
  A lemure (D:5)
  2 kobold brigands
  Blork the orc (D:4)
  4 bullfrogs
  A scorpion (D:4)
  7 wights
  4 killer bees (D:7)
  A howler monkey (D:5)
  2 hounds (D:5)
  2 quasits (D:4)
  4 orc priests
  A jelly (D:5)
  2 gnoll boudas
  Crazy Yiuf (D:6)
  2 iguanas (D:6)
  Ijyb (D:3)
  9 orc wizards
  Natasha (thrice) (D:3)
  4 sleepcaps
  Robin (D:3)
  13 adders
  9 gnolls
  7 river rats
  6 shadow imps
  5 white imps
  2 ufetubi (D:4)
  2 worms (D:3)
  2 dart slugs
  17 orcs
  12 endoplasms
  4 giant cockroaches
  13 goblins
  6 hobgoblins
  2 jackals (D:4)
  3 quokkas
  A training dummy (D:4)
  15 ball pythons
  7 bats
  6 frilled lizards
  28 kobolds
  27 rats
290 creatures vanquished.

Notes
Turn   | Place    | Note
-------+----------+-------------------------------------------
     0 | D:1      | Ketil the Minotaur Fighter began the quest for the Orb.
     0 | D:1      | Reached XP level 1. HP: 19/19 MP: 0/0
   235 | D:1      | Found a faded altar of an unknown god.
   243 | D:1      | Prayed at the altar of an unknown god.
   243 | D:1      | Became a worshipper of Qazlal Stormbringer
   243 | D:1      | Reached * piety under Qazlal
   268 | D:1      | Reached XP level 2. HP: 27/27 MP: 1/1
   998 | D:2      | Reached XP level 3. HP: 33/33 MP: 2/2
  1042 | D:2      | Reached skill level 3 in Axes
  1225 | D:2      | Reached ** piety under Qazlal
  1293 | D:2      | Reached skill level 1 in Dodging
  1384 | D:2      | Found Buikap's Magic Scroll Shoppe.
  1392 | D:2      | Bought a scroll of identify for 24 gold pieces
  1392 | D:2      | Bought a scroll of identify for 24 gold pieces
  1392 | D:2      | Bought a scroll of identify for 24 gold pieces
  1392 | D:2      | Bought 3 scrolls of identify for 72 gold pieces
  1531 | D:2      | Reached XP level 4. HP: 40/40 MP: 3/3
  1745 | D:3      | Found a glowing drain.
  1764 | Sewer    | Entered a sewer
  1793 | Sewer    | Reached XP level 5. HP: 45/47 MP: 4/4
  1871 | Sewer    | Reached skill level 4 in Axes
  1959 | Sewer    | Reached skill level 1 in Throwing
  1959 | Sewer    | Reached *** piety under Qazlal
  2009 | Sewer    | Reached skill level 1 in Stealth
  2061 | Sewer    | Reached skill level 1 in Invocations
  2159 | Sewer    | Reached XP level 6. HP: 38/53 MP: 5/5
  2461 | D:3      | Identified the +0 helmet "Anleb" {*Slow rElec rCorr Int+4}
  2461 | D:3      | Noticed Robin
  2466 | D:3      | Reached **** piety under Qazlal
  2466 | D:3      | Killed Robin
  2603 | D:3      | Reached skill level 5 in Axes
  2623 | D:3      | Noticed Ijyb
  2628 | D:3      | Killed Ijyb
  2921 | D:3      | Noticed Natasha
  2927 | D:3      | Killed Natasha
  3112 | D:3      | Noticed Natasha
  3118 | D:3      | Killed Natasha
  3196 | D:3      | Noticed Natasha
  3209 | D:3      | Killed Natasha
  3409 | D:4      | Found Loafil's Firing Range.
  3418 | D:4      | Noticed Sigmund
  3422 | D:4      | Reached XP level 7. HP: 54/60 MP: 7/7
  3426 | D:4      | Killed Sigmund
  3427 | D:4      | Reached skill level 5 in Armour
  3508 | D:4      | Found a staircase to the Ecumenical Temple.
  3525 | D:4      | Reached skill level 6 in Axes
  3525 | D:4      | Reached skill level 1 in Evocations
  3605 | D:4      | Reached skill level 5 in Fighting
  3607 | D:4      | Reached skill level 5 in Shields
  3696 | D:4      | Noticed Blork the orc
  3700 | D:4      | Killed Blork the orc
  3710 | D:4      | Found a shimmering blue altar of Sif Muna.
  4093 | D:5      | Entered Level 5 of the Dungeon
  4102 | D:5      | Reached XP level 8. HP: 68/68 MP: 8/8
  4188 | D:5      | Noticed Pikel
  4192 | D:5      | Reached ***** piety under Qazlal
  4194 | D:5      | Reached skill level 7 in Axes
  4324 | D:5      | Killed Pikel
  4353 | D:5      | Reached XP level 9. HP: 64/74 MP: 10/10
  5052 | D:6      | Reached skill level 8 in Axes
  5373 | D:6      | Found a runed translucent door.
  5375 | D:6      | Noticed Crazy Yiuf
  5384 | D:6      | Killed Crazy Yiuf
  6305 | D:7      | Found a runed translucent door.
  6305 | D:7      | Noticed safid's ghost (novice MfIE)
  6317 | D:7      | Killed safid's ghost
  6318 | D:7      | Reached skill level 1 in Spellcasting
  6423 | D:7      | Reached skill level 9 in Axes
  6424 | D:7      | Found Edilethre's Book Boutique.
  6554 | D:7      | Reached XP level 10. HP: 77/81 MP: 11/11
  6561 | D:7      | Found Doraoc's Book Boutique.
  7007 | D:8      | You fall into a shaft and drop 1 floor!
  7255 | D:9      | Found a staircase to the Lair.
  7291 | D:9      | Found Qojoc's Antique Weapon Boutique.
  7330 | D:9      | Bought a glowing battleaxe for 266 gold pieces
  7421 | D:9      | Noticed an eight-headed hydra
  7429 | D:9      | Killed an 11-headed hydra
  7875 | Lair:1   | Entered Level 1 of the Lair of Beasts
  7956 | Lair:1   | Reached skill level 10 in Axes
  7978 | Lair:1   | Noticed Amaemon
  7979 | Lair:1   | Noticed an orange demon
  7994 | Lair:1   | Noticed a cane toad
  7996 | Lair:1   | Reached XP level 11. HP: 77/92 MP: 13/13
  7997 | Lair:1   | Killed Amaemon
  8008 | Lair:1   | Reached skill level 5 in Dodging
  8705 | Lair:2   | Noticed a six-headed hydra
  8714 | Lair:2   | Killed a seven-headed hydra
  8715 | Lair:2   | Reached skill level 11 in Axes
  8715 | Lair:2   | Reached skill level 5 in Throwing
  8760 | Lair:2   | Noticed a skyshark
  8768 | Lair:2   | Gained mutation: You are dopey. (Int -2) [potion of
                  | mutation]
  8768 | Lair:2   | Gained mutation: You are agile. (Dex +4, Str/Int -1)
                  | [potion of mutation]
  8773 | Lair:2   | Slain by a skyshark

Illustrated notes

Levels and vault maps discovered:
D:1:      tarquinn_simple_flora_water_f, layout_basic,
          shapermc_ecumenical_altar_hornbeckon, serial_bayou_pond_e
D:2:      minmay_diamond_boxcup, layout_basic, serial_shops, nicolae_square_shop
D:3:      layout_basic, portal_sewer_entry_a, uniq_robin, uniq_natasha,
          uniq_ijyb
D:4:      layout_loops_ring, mainiacjoe_overflow_24_doors,
          minmay_temple_entry_hall, serial_demonic, serial_demonic_d,
          serial_demonic_g, serial_demonic_b, serial_demonic_e,
          nicolae_shop_firing_range, uniq_sigmund, uniq_blork_the_orc
D:5:      layout_cave_pools, serial_glass, glass_columns_b, glass_columns_a,
          glass_columns_a, glass_columns_c, glass_columns_a, glass_columns_a,
          glass_columns_b, glass_columns_c, item_on_display_b,
          chequers_big_river, nicolae_titane, uniq_pikel
D:6:      layout_basic, serial_bayou, serial_bayou_pond_e, serial_bayou_pond_e,
          serial_bayou_crossing, serial_bayou_pond_c, serial_bayou_lagoon_a,
          uniq_crazy_yiuf_cottage
D:7:      layout_loops_ring, serial_shops, nicolae_shop_peninsula, shop,
          gammafunk_ghost_grave
D:8:      layout_loops_ring
D:9:      layout_rooms, lair_entry_dummy, serial_shops, shop,
          hangedman_decor_points, kennysheep_donut
Lair:1:   layout_chaotic_city, uniq_amaemon
Lair:2:   cheibrodos_lair_overgrown_chateau, layout_chaotic_city,
          beast_lair_carwin_5, uniq_maggie

Skill      XL: |  1  2  3  4  5  6  7  8  9 10 11 |
---------------+----------------------------------+-----
Fighting       | 4 5 6 7 |  7.9
Axes           | 3 4 5 6 7 9 10 11 | 11.1
Shields        | 4 5 6 7 8 |  8.2
Armour         | 4 5 6 7 8 9 |  9.0
Dodging        | 1 2 3 4 5 |  5.3
Throwing       | 1 2 3 4 5 |  5.1
Stealth        | 1 2 3 4 |  4.6
Invocations    | 1 2 3 4 |  4.7
Evocations     | 1 2 3 4 |  4.1
Spellcasting   | 1 2 |  2.4

Action                     |  1- 3 |  4- 6 |  7- 9 | 10-12 || total
---------------------------+-------+-------+-------+-------++-------
  Melee: War axe           |    55 |   185 |   211 |    74 ||   525
         Headbutt          |     5 |    24 |    33 |    25 ||    87
         Battleaxe         |       |       |       |    66 ||    66
  Throw: Dart              |       |     1 |       |       ||     1
 Invoke: Upheaval          |       |     2 |     1 |       ||     3
         Disaster Area     |       |       |       |     1 ||     1
  Evoke: Wand              |       |     1 |    11 |     3 ||    15
    Use: Scroll            |     7 |     4 |     3 |     6 ||    20
         Potion            |       |     1 |       |     7 ||     8
 Armour: Scale mail        |    27 |    95 |    89 |    10 ||   221
         Chain mail        |       |       |       |    72 ||    72
  Dodge: Dodged            |    23 |   111 |    82 |   102 ||   318
         Repelled          |       |       |     1 |     1 ||     2
  Block: Buckler           |    21 |   108 |   161 |    69 ||   359
         Other             |       |       |       |    53 ||    53
